 Dungeon Crawl Stone Soup version 0.27.0-1-g7a089689b8 (webtiles) character file.

Game seed: 13336883131928250105

34 Spectrina the Magician (level 3, -2/23 (25) HPs)
             Began as a Djinni Necromancer on Aug 17, 2021.
             Killed by miscasting Vampiric Draining (5 damage)
             ... on level 1 of the Dungeon.
             The game lasted 00:10:25 (613 turns).

Spectrina the Magician (Djinni Necromancer)          Turns: 613, Time: 00:10:26

HP:   -2/23 (25)    AC:  2    Str:  7    XL:     3   Next: 50%
Gold: 47            EV: 12    Int: 17    God:
                    SH:  0    Dex: 13

rFire    + + .     SeeInvis .   b - +0 dagger
rCold    x . .     Faith    .   (no shield)
rNeg     . . .     Spirit   .   a - +0 robe
rPois    ∞         Reflect  .   (no helmet)
rElec    .         Harm     .   (no cloak)
rCorr    .         Rampage  .   (no gloves)
Will     .....                  (boots unavailable)
Stlth    ++........             (no amulet)
HPRegen  0.07/turn              (no ring)
MPRegen  0.00/turn              (no ring)

@: flying, very slightly contaminated, drained
A: sickness immunity, fire resistance 2, cold vulnerability 1, float, innate
caster, hp casting, extra vitality 1
a: no special abilities


You were on level 1 of the Dungeon.
You visited 1 branch of the dungeon, and saw 2 of its levels.

You collected 47 gold pieces.

Inventory:

Hand Weapons
 b - a +0 dagger (weapon)
 c - a +0 short sword
Missiles
 d - 21 bolts
Armour
 a - a +0 robe (worn)
Scrolls
 e - a scroll of teleportation {unknown}
 f - a scroll of summoning {unknown}
 g - a scroll of silence {unknown}
Potions
 i - a potion of curing


   Skills:
 - Level 2.1 Dodging
 - Level 1.5 Stealth
 + Level 4.0 Spellcasting


You couldn't memorise any spells.
You knew the following spells:

 Your Spells              Type           Power      Damage    Failure   Level
e - Agony                 Necr           17%        N/A       63%         5
f - Vampiric Draining     Necr           8%         2d7       9%          3
o - Animate Dead          Necr           8%         N/A       28%         4
p - Animate Skeleton      Necr           34%        N/A       3%          1
q - Pain                  Necr           68%        1d7       3%          1
w - Corona                Hex            18%        N/A       3%          1
Your spell library was empty.

Dungeon Overview and Level Annotations

Branches:
Dungeon (2/15)

Altars:


Innate Abilities, Weirdness & Mutations

You are immune to sickness and miasma.
You are immune to poison.
Your flesh is very heat resistant. (rF++)
You are vulnerable to cold. (rC-)
You float through the air rather than walking.
You learn spells naturally, not from books.
Your magical power is your life essence.
You have superior vitality. (+4 HP)


Message History

The jackal is outlined in light.
* * * LOW HITPOINT WARNING * * *
A jackal comes into view.
Unknown command.
The jackal barks!
You hit the jackal but do no damage. The jackal closely misses you.
Casting: Corona (safe; 3% risk of failure)
Confirm with . or Enter, or press ? or * to list all spells.
The spell is quite dangerous to cast (9% risk of failure)!
Continue anyway?
Aiming: Vampiric Draining (quite dangerous; 9% risk of failure)
Press: ? - help, Shift-Dir - straight line, f/p - jackal
Aim: a jackal (softly glowing)
You draw life force from the jackal!
You kill the jackal!
You feel life coursing into your body.
* * * LOW HITPOINT WARNING * * *
A kobold comes into view. It is wielding a +0 club.
Unknown command.
You see here a jackal corpse.
You see here a jackal corpse.
Casting: Vampiric Draining (quite dangerous; 9% risk of failure)
Confirm with . or Enter, or press ? or * to list all spells.
The spell is quite dangerous to cast (9% risk of failure)!
Continue anyway?
Aiming: Vampiric Draining (quite dangerous; 9% risk of failure)
Press: ? - help, Shift-Dir - straight line, f - hobgoblin
Aim: a hobgoblin You draw life force from the hobgoblin.
You kill the hobgoblin!
You feel life coursing into your body.
* * * LOW HITPOINT WARNING * * *
Casting: Vampiric Draining (quite dangerous; 9% risk of failure)
Confirm with . or Enter, or press ? or * to list all spells.
The spell is quite dangerous to cast (9% risk of failure)!
Continue anyway?
Aiming: Vampiric Draining (quite dangerous; 9% risk of failure)
Press: ? - help, Shift-Dir - straight line, f - jackal
Aim: a jackal You miscast Vampiric Draining.
You are very lightly contaminated with residual magic.
You feel horribly lethargic.
You feel drained.
You die...

#.........# #.......#
###.........# #.......###########
≈##.........# #.................#
≈##.........# #....##.....)......
≈##..†......# #.>.##.............
§##.........###.####.............
≈§..........##..# #.............
≈##.........#...####.............
≈##....>......†.@h††K............
≈.............#######............
≈####.....#....# #...........# ≈#
########.h.# ####.###########
####### #...#.###...h# ......#
#..)#h.#.g#### ......#
#.÷.##.#h## ......# ##.###.).#
......## #.##.K####


You could see a jackal and a kobold.

Vanquished Creatures
  4 endoplasms (D:1)
  A giant cockroach (D:1)
  2 goblins (D:1)
  6 hobgoblins (D:1)
  7 jackals (D:1)
  A ball python (D:1)
  2 bats (D:1)
  2 frilled lizards (D:1)
  2 kobolds (D:1)
  2 rats (D:1)
29 creatures vanquished.

Notes
Turn   | Place    | Note
-------+----------+-------------------------------------------
     0 | D:1      | Spectrina the Djinni Necromancer began the quest for the
                  | Orb.
     0 | D:1      | Reached XP level 1. HP: 15/15 MP: 0/0
    67 | D:1      | Reached XP level 2. HP: 6/21 MP: 0/0
   119 | D:1      | HP: 1/21 [frozen (4)]
   359 | D:1      | Reached XP level 3. HP: 1/25 MP: 0/0
   359 | D:1      | Learned a level 1 spell: Corona
   572 | D:1      | Reached skill level 4 in Spellcasting
   613 | D:1      | Killed by miscasting Vampiric Draining

Illustrated notes

Levels and vault maps discovered:
D:1:      lightli_arrival_boilingwater, layout_rooms
D:2:      layout_rooms, hellmonk_ecumenical_altar_slurped_away,
          kennysheep_pointless_box, minmay_misc_feat_secret_circle

Skill      XL: |  1  2  3 |
---------------+----------+-----
Spellcasting   | 4 |  4.0
Dodging        | |  2.1
Stealth        | |  1.5

Action                   || total
-------------------------++-------
Melee: Short sword       ||     4
       Dagger            ||     1
Throw: Javelin           ||    22
 Cast: Pain              ||    25
       Vampiric Draining ||     7
       Corona            ||     1
  Use: Potion            ||     1
Armor: Robe              ||     1
Dodge: Dodged            ||     9
